 Dungeon Crawl Stone Soup version 0.19-a0-1697-g0595f0e (webtiles) character file.

214 Saways the Slasher (level 5, 0/36 HPs)
             Began as a High Elf Fighter on Sept 26, 2016.
             Slain by a worm (4 damage)
             ... on level 3 of the Dungeon.
             The game lasted 00:02:44 (2606 turns).

Saways the Slasher (High Elf Fighter)               Turns: 2606, Time: 00:02:44

Health: 0/36       AC:  9    Str: 16    XL:     5   Next: 60%
Magic:  6/6        EV:  7    Int: 12    God:
Gold:   166        SH:  8    Dex: 14    Spells: 0 memorised, 4 levels left

rFire  . . .     SeeInvis .     a - +0 long sword
rCold  . . .     Gourm    .     b - +0 scale mail
rNeg   . . .     Faith    .     c - +0 shield
rPois  .         Spirit   .     (no helmet)
rElec  +         Dismiss  .     (no cloak)
rCorr  .         Reflect  .     (no gloves)
MR     .....     Harm     .     l - +0 pair of boots
Stlth  ..........               (no amulet)
                                (no ring)
                                (no ring)

@: lethally poisoned (0 -> -2)
A: electricity resistance
a: no special abilities


You were on level 3 of the Dungeon.
You were hungry.

You visited 1 branch of the dungeon, and saw 3 of its levels.

You collected 166 gold pieces.

Inventory:

Hand Weapons
 a - a +0 long sword (weapon)
Armour
 b - a +0 scale mail (worn)
 c - a +0 shield (worn)
 l - a +0 pair of boots (worn)
Scrolls
 e - a scroll of blinking {unknown}
 f - a scroll of identify
 i - a scroll of remove curse {unknown}
 j - 3 scrolls of random uselessness {unknown}
Comestibles
 d - a beef jerky
 k - a bread ration


   Skills:
 + Level 3.6 Fighting
 * Level 5.6 Long Blades
 + Level 3.5 Armour
 + Level 1.0 Dodging
 - Level 2.6 Shields


You had 4 spell levels left.
You didn't know any spells.

Dungeon Overview and Level Annotations

Branches:
Dungeon (3/15)

Altars:


Innate Abilities, Weirdness & Mutations

You are resistant to electric shocks. (rElec)


Message History

You are too injured to fight recklessly!
You are too injured to fight recklessly!
You are too injured to fight recklessly!
You are too injured to fight recklessly!
You are too injured to fight recklessly!
You are too injured to fight recklessly!
You are too injured to fight recklessly!
You are too injured to fight recklessly!
You are too injured to fight recklessly!
You are too injured to fight recklessly!
You are too injured to fight recklessly!
You are too injured to fight recklessly!
You are too injured to fight recklessly!
You are too injured to fight recklessly!
You hit the worm.
The worm is severely wounded.
You feel sick.
The frilled lizard hisses and fully extends its frill.
The worm bites you.
You die...

..##.######.###....#
..#.######.###....#
####.#.........##....#
#.....(........#######
#......#######.#
#......# #####.#
#.....$# #.....#
.#......###.######
$.......grw@........
#.#.)....###.##.....
....>..... #... ..[.
###......#.####.....
########.# .... # ...
.


You could see a worm, a goblin and a rat.

Vanquished Creatures
  A howler monkey (D:3)
  An orc priest (D:3)
  2 orc wizards (D:3)
  4 adders
  A worm (D:3)
  A dart slug (D:1)
  A leopard gecko (D:1)
  4 goblins
  4 hobgoblins
  8 jackals
  8 kobolds
  A quokka (D:2)
  6 bats
  3 frilled lizards (D:2)
  7 rats
52 creatures vanquished.

Vanquished Creatures (others)
  An orc wizard (D:3)
1 creature vanquished.

Grand Total: 53 creatures vanquished

Notes
Turn   | Place    | Note
-------+----------+-------------------------------------------
     0 | D:1      | Saways the High Elf Fighter began the quest for the Orb.
     0 | D:1      | Reached XP level 1. HP: 16/16 MP: 2/2
   295 | D:1      | Reached XP level 2. HP: 19/21 MP: 3/3
   940 | D:1      | Reached skill level 3 in Long Blades
  1058 | D:2      | Gained mutation: You are resistant to electric shocks. (rElec) [potion of beneficial mutation]
  1061 | D:2      | Reached XP level 3. HP: 17/26 MP: 4/4
  2199 | D:3      | Reached skill level 4 in Long Blades
  2199 | D:3      | Reached XP level 4. HP: 17/31 MP: 5/5
  2208 | D:3      | HP: 2/46 [orc priest/divine providence (9)]
  2218 | D:3      | Reached skill level 5 in Long Blades
  2218 | D:3      | Reached XP level 5. HP: 4/36 MP: 6/6
  2227 | D:3      | HP: 1/36 [poisoned by an adder]
  2598 | D:3      | Reached skill level 1 in Dodging
  2606 | D:3      | Slain by a worm

Vault maps used:
D:1:      shiori_shiawase, minmay_statues_item, grunt_decor_mini_mirrors,
          lemuel_another_geyser
D:3:      ecumenical_altar_2

Skill      XL: |  1  2  3  4  5 |
---------------+----------------+-----
Armour         | 3 |  3.5
Long Blades    | 3 4 5 |  5.6
Dodging        | 1 |  1.0
Fighting       | |  3.6
Shields        | |  2.6

Action                   |  1- 3 |  4- 6 || total
-------------------------+-------+-------++-------
Melee: Long sword        |   183 |    63 ||   246
  Use: Potion            |     3 |     3 ||     6
       Scroll            |     2 |       ||     2
  Eat: Bread ration      |     1 |       ||     1
       Chunk             |       |     1 ||     1
Armor: Scale mail        |    90 |    28 ||   118
       Skin              |       |     5 ||     5
Dodge: Dodged            |    60 |    23 ||    83
Block: Shield            |    89 |    25 ||   114
